AoeStats
← HoraryCase23899

Arabia

510955821Analyzed
1v1 RM · 6h ago on Oct 3, 2026· 34m 30s· 2 players
Game mode
Random Map
Map size
Tiny (2 player)
Population
200
Speed
Normal
Resources
Standard
Victory
Conquest
Starting age
Dark Age
Ending age
Imperial Age
RankedLock teamsTeams togetherTeam positionsShared explorationLock speedFull tech treeHidden civsTurbo modeCheats
Victory
Defeat
🇹🇷 Ethiopians · Türkiye
825
+15
🇮🇳 Bulgarians · India
802
-15
Soldier
2:35 Loom
10:51 Feudal Age
18:08 Town Watch
23:12 Castle Age
28:22 Fletching
29:57 Bodkin Arrow
31:46 Bodkin Arrow
32:16 Double-Bit Axe
HoraryCase23899
6:49 Loom
9:44 Feudal Age
10:41 Double-Bit Axe
12:29 Fletching
23:31 Castle Age
21:44 Arson
22:08 Scale Mail Armor
22:11 Padded Archer Armor
23:11 Forging
23:35 Horse Collar
23:54 Gold Mining
23:58 Stone Mining
23:54 Crossbowman
24:44 Bodkin Arrow
25:21 Squires
26:36 Chain Mail Armor
29:32 Leather Archer Armor
32:44 Thumb Ring
Connection lost

Rejoining the realm…

Still unreachable

The connection could not be restored.

Session expired

The server has moved on; the page needs a fresh start.